 Dungeon Crawl Stone Soup version 0.31-a0-321-g19405a7a6a (webtiles) character file.

Game seed: 7655983609769563022

51725 olmar the Brawler (level 14, -1/126 HPs)
             Began as a Naga Shapeshifter on July 17, 2023.
             Was an Initiate of Gozag.
             Slain by a +2 dire flail of protection (19 damage)
             ... on level 2 of the Elven Halls.
             The game lasted 00:29:23 (15016 turns).

olmar the Brawler (Naga Shapeshifter)              Turns: 15016, Time: 00:29:24

Health: -1/126     AC: 10    Str: 22    XL:     14   Next: 60%
Magic:  14/14      EV: 10    Int: 11    God:    Gozag
Gold:   1722       SH:  0    Dex: 12    Spells: 13/13 levels left

rFire   . .          .
                       - Unarmed
rCold   + . .        (shield currently unavailable)
rNeg    + + .        x - +0 troll leather armour of the Frog {rN+ Regen+}
rPois   +            p - +2 helmet {Int+3}
rElec   .            v - +2 ratskin cloak {*Rats rPois rN+ Str-1 Int-1 Dex+1}
rCorr   +            (gloves currently unavailable)
SInv    +            (no barding)
Will    +....        f - amulet of regeneration
Stlth   +++          C - ring of resist corrosion
HPRegen 2.01/turn    K - ring of protection from cold
MPRegen 0.14/turn

%: no passive effects
@: blade hands, gold aura, very slow
A: AC +4, large, see invisible, deformed body, poison resistance, slowness 2,
spit poison 1, naga tail 2
a: Spit Poison, Begin Untransformation, Renounce Religion, Potion Petition, Call
Merchant, Bribe Branch


You were on level 2 of the Elven Halls.
You worshipped Gozag.
Gozag was most pleased with you.
You had blades for hands.
You visited 5 branches of the dungeon, and saw 18 of its levels.

You collected 4193 gold pieces.
You spent 1514 gold pieces at shops.
You paid 957 gold pieces to Gozag.

Inventory:

Missiles
 y - 29 poisoned darts (quivered)
 R - 4 atropa-tipped darts
Armour
 d - a +5 chain mail of cold resistance
 p - a +2 helmet of intelligence (worn)
 v - the +2 ratskin cloak (worn) {*Rats rPois rN+ Str-1 Int-1 Dex+1}
   (You found it on level 5 of the Dungeon)

   *Rats:     When the wearer is hurt, rats may emerge from it to assist them.
   Str:       It affects your strength (-1).
   Int:       It affects your intelligence (-1).
   Dex:       It affects your dexterity (+1).
   rPois:     It protects you from poison.
   rN:        It protects you from negative energy.
 x - the +0 troll leather armour of the Frog (worn) {rN+ Regen+}
   (You bought it in a shop on level 2 of the Orcish Mines)

   rN:        It protects you from negative energy.
   Regen:     It increases your rate of health regeneration.
 G - a +1 robe of cold resistance
Jewellery
 f - an amulet of regeneration (around neck)
 h - a ring of ice
 s - the amulet of Raaskuts {Acrobat +Blink +Inv Int-2 Dex+2}
   (You found it on level 6 of the Dungeon)

   [amulet of the acrobat]

   It increases your evasion while moving and waiting.
   Int:       It affects your intelligence (-2).
   Dex:       It affects your dexterity (+2).
   +Inv:      It lets you turn invisible.
   +Blink:    It lets you blink.
 C - a ring of resist corrosion (left blade hand)
 E - an amulet of guardian spirit
 H - the amulet "Raleqali" {Spirit rCorr Str-3 Dex+6}
   (You found it on level 9 of the Dungeon)

   [amulet of guardian spirit]

   It causes incoming damage to be divided between your reserves of health and
   magic.
   Str:       It affects your strength (-3).
   Dex:       It affects your dexterity (+6).
   rCorr:     It protects you from acid and corrosion.
 K - a ring of protection from cold (right blade hand)
 P - an amulet of reflection
 T - a ring of ice
Talismans
 c - a beast talisman
 L - a blade talisman
Wands
 o - a wand of iceblast (6)
 r - a wand of polymorph (3)
 B - a wand of flame (12)
 J - a wand of digging (2)
Scrolls
 i - a scroll of summoning
 k - a scroll of fog
 l - a scroll of torment
 m - 2 scrolls of enchant armour
 n - a scroll of silence
 u - 2 scrolls of blinking
 A - a scroll of enchant weapon
 N - a scroll of noise
Potions
 b - 2 potions of mutation
 e - 3 potions of brilliance
 q - a potion of degeneration
 w - a potion of cancellation
 D - a potion of magic
 S - a potion of enlightenment


   Skills:
 + Level 8.2 Fighting
 - Level 1.1 Throwing
 - Level 2.5 Dodging
 + Level 5.5 Stealth
 + Level 19.0 Unarmed Combat
 + Level 11.9 Shapeshifting


You had 13 spell levels left.
You didn't know any spells.
Your spell library contained the following spells:

 Spells                   Type           Power      Damage    Failure   Level
 Freeze                   Ice            0%         1d3       80%         1
 Necrotise                Necr           0%         1d4       80%         1
 Slow                     Hex            0%         N/A       80%         1
 Scorch                   Fire           0%         2d5       88%         2
 Sublimation of Blood     Necr           0%         N/A       88%         2
 Wereblood                Tmut           0%         N/A       88%         2
 Confusing Touch          Hex            0%         N/A       97%         3
 Frozen Ramparts          Ice            0%         1d1       97%         3
 Hailstorm                Conj/Ice       0%         3d3       97%         3
 Vampiric Draining        Necr           0%         2d6       97%         3
 Flame Wave               Conj/Fire      0%         2d4       100%        4
 Agony                    Necr           0%         N/A       100%        5
 Summon Cactus Giant      Summ           0%         N/A       100%        6
 Summon Hydra             Summ           0%         N/A       100%        7


Dungeon Overview and Level Annotations

Branches:
Dungeon (11/15)            Temple (1/1) D:6            Lair (2/5) D:10
  Swamp (0/4) Lair:2       Spider (0/4) Lair:2          Orc (2/2) D:10
    Elf (1/3) Orc:2

Altars:
Ashenzari
Cheibriados
Dithmenos
Elyvilon
Fedhas
Gozag
Hepliaklqana
Kikubaaqudgha
Makhleb
Nemelex Xobeh
Okawaru
Qazlal
Ru
Sif Muna
Trog
Uskayaw
Vehumet
Wu Jian
Xom
Yredelemnul
Zin
The Shining One

Shops:
D:5 *   D:6 (   D:9 :   Orc:2 *=**[:=

Annotations:
D:6 4 runed translucent doors
D:7 2 transporters
Lair:2 3 runed translucent doors, Etsiony's ghost, novice TrSh


Innate Abilities, Weirdness & Mutations

You have blades for hands.
Your spellcasting is less reliable in this form.
You are incapable of wielding weapons or throwing items.
Your serpentine skin is tough. (AC +4)
You have supernaturally acute eyesight. (SInv)
Armour fits poorly on your strangely shaped body.
Your system is resistant to poisons. (rPois)
You cover ground very slowly.
You can spit poison.
You can use your snake-like lower body to constrict enemies.


Message History

Aiming: Spit Poison (1% risk of failure)
Press: ? - help, Shift-Dir - straight line, f - deep elf zephyrmancer
Aim: a deep elf zephyrmancer, wielding a +0 long sword (ally target, 56% to hit)
The splash of poison hits the deep elf zephyrmancer.
The deep elf zephyrmancer is poisoned.
The deep elf zephyrmancer is lightly wounded.
Your river rat misses the deep elf zephyrmancer.
Unknown command.
You shred the deep elf zephyrmancer!!!
You kill the deep elf zephyrmancer!
Unknown command.
A +2 dire flail of protection comes into view.
There is an open translucent gate, spattered with blood here.
Things that are here:
5 gold pieces; a +0 long sword You see here 9 gold pieces.
There is an open translucent gate here.
You have got your breath back.
The +2 dire flail of protection hits you!
* * * LOW HITPOINT WARNING * * *
You see here 12 gold pieces.
Unknown command.
You miss the +2 dire flail of protection.
Your grab misses the +2 dire flail of protection.
The +2 dire flail of protection hits you.
* * * LOW HITPOINT WARNING * * *
Unknown command.
You miss the +2 dire flail of protection.
You grab the +2 dire flail of protection.
You constrict the +2 dire flail of protection, but do no damage.
The +2 dire flail of protection hits you!
* * * LOW HITPOINT WARNING * * *
Your river rat barely misses the +2 dire flail of protection.
Unknown command.
You hit the +2 dire flail of protection but do no damage.
You slash the +2 dire flail of protection, but do no damage.
You constrict the +2 dire flail of protection, but do no damage.
The +2 dire flail of protection hits you!!
You die...
Your body crumbles into a pile of gold.

***** *,* *,,,,,,,, ###.###
*******,, ##.....## **,
#**#...#...#**# *, #.##.......##.#
*, * *,...#...#...,* *, **
*,*#.......#*,* *, ,**
***#...#...#*********, ,,*
*#@....#* *,,,,,,,, *** ##($'##
********* ###############r..#####
### *
*##.####.####.#.''#''.#.####.####
##...##...##.....###.....##...##.
ยง...........)....................
.......$#...................#....
.......###....)............###...
......#####...............## ##..


You could see a +2 dire flail of protection (ally target) and a friendly river
rat.

Vanquished Creatures
  A deep elf blademaster (Elf:2)
  An orc warlord (Orc:1)
  Fannar (Lair:2)
  Erolcha (D:10)
  Erica (D:8)
  2 two-headed ogres (D:11)
  10 dancing weapons
  3 deep elf knights (Elf:2)
  A skyshark (Lair:2)
  Amaemon (D:11)
  2 bog bodies (Lair:2)
  11 orc knights
  A deep elf pyromancer (Elf:2)
  7 deep elf zephyrmancers (Elf:2)
  2 ugly things (D:11)
  2 orc sorcerers (Orc:2)
  3 black mambas
  An orange demon (D:11)
  A gargoyle (D:10)
  4 cane toads
  Maggie (D:9)
  A torpor snail (Lair:2)
  An unseen horror (D:8)
  A rime drake (Lair:2)
  3 komodo dragons
  A troll (D:10)
  2 polar bears
  Grinder (D:6)
  3 hornets
  Sigmund (D:2)
  10 blink frogs
  A vampire (D:10)
  3 shadows
  35 yaks
  2 wyverns (Lair:1)
  A basilisk (Lair:1)
  2 steam dragons
  A vampire mosquito (D:6)
  An acid dragon (D:11)
  7 wargs
  4 water moccasins (Lair:2)
  A meliai simulacrum (D:10)
  39 orc warriors
  2 ice beasts (D:6)
  A black bear (D:10)
  A sky beast (Temple)
  23 wolves
  7 ogres
  3 centaurs
  2 kobold brigands (D:9)
  A phantom (D:6)
  12 bullfrogs
  A scorpion (D:5)
  2 gnoll sergeants
  10 wights
  9 killer bees (D:8)
  3 electric eels
  6 howler monkeys
  2 hounds (D:5)
  11 orc priests
  A gnoll bouda (D:8)
  Jessica (D:2)
  Terence (D:3)
  8 iguanas
  21 orc wizards
  5 hell rats (D:5)
  18 gnolls
  3 adders (D:3)
  15 river rats (D:5)
  A shadow imp (D:6)
  5 white imps
  3 ufetubi
  6 worms
  3 dart slugs
  74 orcs
  4 ball pythons
  5 endoplasms
  4 giant cockroaches
  8 goblins
  4 hobgoblins
  6 jackals
  4 quokkas
  5 bats
  4 frilled lizards
  19 kobolds
  5 rats
507 creatures vanquished.

Vanquished Creatures (collateral kills)
  2 blink frogs
  A tarantella (Lair:2)
  A water moccasin (Lair:2)
  2 wolves
  3 orcs
9 creatures vanquished.

Vanquished Creatures (others)
  An orc priest (Orc:1)
  A white imp (D:10)
2 creatures vanquished.

Grand Total: 518 creatures vanquished

Notes
Turn   | Place    | Note
-------+----------+-------------------------------------------
     0 | D:1      | olmar the Naga Shapeshifter began the quest for the Orb.
     0 | D:1      | Reached XP level 1. HP: 19/19 MP: 1/1
   116 | D:1      | Reached XP level 2. HP: 26/26 MP: 2/2
   624 | D:1      | Found a faded altar of an unknown god.
   899 | D:2      | Reached XP level 3. HP: 32/32 MP: 3/3
  1019 | D:2      | Noticed Sigmund
  1044 | D:2      | Killed Sigmund
  1045 | D:2      | Reached skill level 1 in Stealth
  1045 | D:2      | Reached skill level 3 in Unarmed Combat
  1045 | D:2      | Reached XP level 4. HP: 31/40 MP: 4/4
  1045 | D:2      | Reached XP level 5. HP: 36/46 MP: 5/5
  1123 | D:2      | Noticed Jessica
  1127 | D:2      | Killed Jessica
  1128 | D:2      | Reached skill level 4 in Unarmed Combat
  1128 | D:2      | Reached XP level 6. HP: 48/55 MP: 6/6
  1161 | D:2      | Found a shimmering altar of Xom.
  1858 | D:3      | Noticed Terence
  1871 | D:3      | Killed Terence
  2350 | D:4      | Found a hide-covered altar of Uskayaw.
  2430 | D:4      | Reached skill level 5 in Unarmed Combat
  2430 | D:4      | Reached XP level 7. HP: 28/61 MP: 7/7
  2496 | D:4      | Found a shimmering altar of Xom.
  2496 | D:4      | Found a broken altar of Ashenzari.
  2831 | D:5      | Entered Level 5 of the Dungeon
  2944 | D:5      | Reached skill level 6 in Unarmed Combat
  2947 | D:5      | Found Sinauf's Neck Hole.
  3061 | D:5      | Reached skill level 5 in Shapeshifting
  3061 | D:5      | Reached XP level 8. HP: 51/68 MP: 8/8
  3079 | D:5      | Found the +2 ratskin cloak {*Rats rPois rN+ Str-1 Int-1
                  | Dex+1}
  3291 | D:5      | Reached skill level 7 in Unarmed Combat
  3519 | D:6      | Noticed Grinder
  3533 | D:6      | Killed Grinder
  3560 | D:6      | Reached skill level 8 in Unarmed Combat
  3560 | D:6      | Found a large runed translucent door.
  3560 | D:6      | Found a large runed translucent door.
  3599 | D:6      | Noticed a vampire
  3603 | D:6      | Reached XP level 9. HP: 76/76 MP: 9/9
  3619 | D:6      | Identified the +2 halberd "Ettaxt" {flame, rCorr Str+5}
  3624 | D:6      | Reached skill level 9 in Unarmed Combat
  3656 | D:6      | Found a large runed translucent door.
  3656 | D:6      | Found a large runed translucent door.
  3813 | D:6      | Found a staircase to the Ecumenical Temple.
  3819 | D:6      | Found a glowing silver altar of Zin.
  3819 | D:6      | Noticed an angel
  3835 | Temple   | Entered the Ecumenical Temple
  3843 | Temple   | Became a worshipper of Gozag Ym Sagoz the Greedy
  4006 | D:6      | Found Zeepaigh's Weapon Boutique.
  4120 | D:6      | Identified the amulet of Raaskuts {Acrobat +Blink +Inv
                  | Int-2 Dex+2}
  4274 | D:6      | Found a shimmering blue altar of Sif Muna.
  4397 | D:7      | Reached skill level 10 in Unarmed Combat
  4577 | D:7      | Found a snail-covered altar of Cheibriados.
  4605 | D:7      | Found a basalt altar of Yredelemnul.
  4728 | D:7      | Found a burning altar of Makhleb.
  4761 | D:7      | Found a transporter.
  4765 | D:7      | Noticed a troll
  4844 | D:7      | Found a stormy altar of Qazlal.
  4896 | D:7      | Noticed a gargoyle
  4962 | D:7      | Noticed a troll
  4977 | D:7      | Found a transporter.
  5147 | D:8      | Reached skill level 11 in Unarmed Combat
  5150 | D:8      | Reached XP level 10. HP: 72/85 MP: 10/10
  5518 | D:8      | Noticed an unseen horror
  5527 | D:8      | Killed an unseen horror
  5550 | D:8      | Noticed Erica
  5563 | D:8      | Killed Erica
  5564 | D:8      | Reached skill level 12 in Unarmed Combat
  5829 | D:9      | Noticed Maggie
  5847 | D:9      | Killed Maggie
  5901 | D:9      | Found an iron altar of Okawaru.
  6004 | D:9      | Identified the amulet "Raleqali" {Spirit rCorr Str-3 Dex+6}
  6009 | D:9      | Found Nierroul's Vocational Training.
  6036 | D:9      | Found a blossoming altar of Fedhas.
  6148 | D:9      | Paralysed by a hornet for 1 turns
  6516 | D:9      | Reached skill level 13 in Unarmed Combat
  6557 | D:10     | Entered Level 10 of the Dungeon
  6583 | D:10     | Reached skill level 5 in Fighting
  6583 | D:10     | Reached XP level 11. HP: 77/94 MP: 11/11
  6943 | D:10     | Noticed Erolcha
  6965 | D:10     | Killed Erolcha
  6972 | D:10     | Reached skill level 14 in Unarmed Combat
  7451 | D:10     | Found a staircase to the Lair.
  7740 | D:10     | Found a staircase to the Orcish Mines.
  7901 | D:10     | Upgraded the game from 0.31-a0-319-g4fced400ed to
                  | 0.31-a0-321-g19405a7a6a
  7934 | D:11     | Noticed a two-headed ogre
  7945 | D:11     | Killed a two-headed ogre
  8224 | D:11     | Noticed a two-headed ogre
  8227 | D:11     | Noticed a green ugly thing
  8230 | D:11     | Killed a two-headed ogre
  8231 | D:11     | Reached skill level 15 in Unarmed Combat
  8237 | D:11     | Killed a green ugly thing
  8238 | D:11     | Reached skill level 5 in Stealth
  8352 | D:11     | Noticed Amaemon
  8364 | D:11     | Killed Amaemon
  8365 | D:11     | Reached XP level 12. HP: 84/104 MP: 12/12
  8677 | D:11     | Reached skill level 1 in Throwing
  8974 | Orc:1    | Entered Level 1 of the Orcish Mines
  9080 | Lair:1   | Entered Level 1 of the Lair of Beasts
  9164 | Lair:1   | Reached skill level 16 in Unarmed Combat
  9889 | Lair:2   | Noticed a skyshark
 10306 | Lair:2   | Killed a skyshark
 10536 | Lair:2   | Found a staircase to the Swamp.
 10619 | Lair:2   | Gained mutation: You can use your snake-like lower body to
                  | constrict enemies. [Naga growth]
 10619 | Lair:2   | Reached XP level 13. HP: 102/114 MP: 13/13
 10704 | Lair:2   | Noticed Fannar
 10716 | Lair:2   | Killed Fannar
 10717 | Lair:2   | Reached skill level 17 in Unarmed Combat
 10764 | Lair:2   | HP: 3/115 [yak (13)]
 11161 | Lair:2   | Found a hole to the Spider Nest.
 11242 | Lair:2   | Reached skill level 10 in Shapeshifting
 11346 | Lair:2   | Found a runed translucent gate.
 11464 | Lair:2   | Found a runed translucent gate.
 11464 | Lair:2   | Found a runed translucent gate.
 11468 | Lair:2   | Noticed Etsiony's ghost (novice TrSh)
 12209 | Orc:1    | Noticed an orc warlord
 12226 | Orc:1    | Killed an orc warlord
 12990 | Orc:2    | Entered Level 2 of the Orcish Mines
 13160 | Orc:2    | Found Erhi's Assorted Antiques.
 13173 | Orc:2    | Bought a scroll of identify for 62 gold pieces
 13173 | Orc:2    | Bought a scroll of identify for 62 gold pieces
 13173 | Orc:2    | Bought a scroll of identify for 62 gold pieces
 13173 | Orc:2    | Bought a wand of iceblast (3) for 223 gold pieces
 13173 | Orc:2    | Bought a wand of flame (8) for 173 gold pieces
 13701 | Orc:2    | Found Litabele's Jewellery Shoppe.
 13701 | Orc:2    | Found Emarr's Assorted Antiques.
 13715 | Orc:2    | Bought a scroll of identify for 78 gold pieces
 13715 | Orc:2    | Bought a scroll of blinking for 292 gold pieces
 13913 | Orc:2    | Found a staircase to the Elven Halls.
 13938 | Orc:2    | Found Qyurhusipt's Jewellery Emporium.
 14087 | Orc:2    | Found Jusa's General Store.
 14137 | Orc:2    | Bought a scroll of identify for 22 gold pieces
 14248 | Orc:2    | Found Beracer's Book Boutique.
 14252 | Orc:2    | Reached skill level 18 in Unarmed Combat
 14252 | Orc:2    | Reached XP level 14. HP: 109/124 MP: 14/14
 14254 | Orc:2    | Found Xakliole's Antique Armour Shoppe.
 14488 | Orc:2    | Bought a faintly humming troll leather armour for 540 gold
                  | pieces
 14488 | Orc:2    | Identified the +0 troll leather armour of the Frog {rN+
                  | Regen+} (You bought it in a shop on level 2 of the Orcish
                  | Mines)
 14778 | Elf:1    | Entered Level 1 of the Elven Halls
 14826 | Elf:1    | You fall into a shaft and drop 1 floor!
 14922 | Elf:2    | Found a runed translucent gate.
 14922 | Elf:2    | Found a runed translucent gate.
 14922 | Elf:2    | Found a runed translucent gate.
 14941 | Elf:2    | Noticed a deep elf blademaster
 14957 | Elf:2    | Killed a deep elf blademaster
 14999 | Elf:2    | Reached skill level 19 in Unarmed Combat
 15016 | Elf:2    | Slain by a +2 dire flail of protection

Illustrated notes

Levels and vault maps discovered:
D:1:      sevenhm_arrival_forest_fort_small_1, layout_basic,
          chequers_ecumenical_altar_grove, minmay_door_square
D:2:      layout_loops_ring, basic_altar, uniq_sigmund, uniq_jessica
D:3:      layout_rooms, kennysheep_donut, uniq_terence
D:4:      layout_basic, nicolae_uskayaw_murder_on_the_dancefloor,
          gammafunk_temple_overflow_wave, nicolae_concentric_dashed_squares_mild
D:5:      wander_guarded_unrand_ratskin, layout_rooms, kennysheep_flooded_box,
          nicolae_shop_sticking_my_neck_out
D:6:      layout_basic, nicolae_sif_muna_little_library, zin_angel,
          minmay_temple_entry_overgrown, serial_shops, nicolae_square_shop,
          minmay_hollow_rounded_squares, uniq_grinder
D:7:      gammafunk_the_bubble [the_bubble_gammafunk_plus_minus],
          layout_cave_pools, mainiacjoe_overflow_brackets,
          mainiacjoe_overflow_small_starburst,
          mainiacjoe_overflow_catch_the_wave
D:8:      layout_basic, uniq_erica
D:9:      layout_irregular_city, okawaru_trees_2, overflow_temple_1_default,
          nicolae_shop_vocational, uniq_maggie
D:10:     layout_irregular_city, grunt_lair_entry_orc_guard_hut, david_orc_4,
          serial_ice, serial_ice_n, serial_ice_k, serial_ice_f, serial_ice_h,
          uniq_erolcha
D:11:     layout_loops_ring, uniq_amaemon
Temple:   minmay_freezing_vapour_temple
Lair:1:   layout_hall_layers, chequers_serial_rivers_large_a
Lair:2:   layout_cave_shapes, skrybe_swamp_entry_bodies,
          spider_nest_entry_rubble, ebering_ghost_rock_garden,
          grunt_megastairs_4, uniq_fannar
Orc:1:    layout_caves, basic_altar, nicolae_orc_flooded_monolith
Orc:2:    st_orc_town, layout_caves, serial_shops, shop_fountains, shop,
          shop_fountains
Elf:1:    layout_geoelf_octagon, minivault_28, lemuel_upstairs_altar
Elf:2:    elven_hall_of_blades_hangedman_original
          [infiniplex_blade_entry_pillars], layout_gridlike,
          infiniplex_enter_wizlab_glasses, amcnicky_mini_pool_small,
          uniq_jorgrun

Skill      XL: |  1  2  3  4  5  6  7  8  9 10 11 12 13 14 |
---------------+-------------------------------------------+-----
Dodging        | 2 |  2.5
Stealth        | 1 2 4 5 |  5.5
Unarmed Combat | 3 4 5 6 8 11 13 15 16 18 19 | 19.0
Shapeshifting  | 4 5 6 7 9 11 | 11.9
Fighting       | 3 4 5 6 7 8 |  8.2
Throwing       | 1 |  1.1

Action                     |  1- 3 |  4- 6 |  7- 9 | 10-12 | 13-15 || total
---------------------------+-------+-------+-------+-------+-------++-------
  Melee: Unarmed           |    74 |   160 |   342 |   514 |   381 ||  1471
         Punch             |     3 |     5 |    20 |    34 |    47 ||   109
         Constrict         |       |       |       |       |    92 ||    92
  Throw: Dart              |       |       |       |     6 |       ||     6
         Throwing net      |       |       |       |     2 |       ||     2
 Invoke: Potion Petition   |       |       |       |       |     3 ||     3
Ability: Spit Poison       |    13 |    10 |    18 |    42 |     9 ||    92
  Evoke: Wand              |       |       |       |     3 |     6 ||     9
    Use: Scroll            |     1 |     2 |     4 |     8 |    11 ||    26
         Potion            |     1 |     1 |     3 |    10 |    10 ||    25
   Stab: Sleeping          |     1 |     2 |       |       |       ||     3
         Distracted        |       |       |     1 |     1 |     2 ||     4
         Held in net/web   |       |       |       |     1 |       ||     1
         Invisible         |       |       |       |       |     1 ||     1
 Armour: Animal skin       |     9 |    18 |       |       |       ||    27
         Skin              |    21 |     1 |       |       |       ||    22
         Chain mail        |       |    30 |   195 |   295 |   190 ||   710
         Troll leather arm |       |       |       |       |     8 ||     8
  Dodge: Dodged            |    37 |    69 |   106 |   142 |   117 ||   471
   Form: Blade             |       |       |       |     1 |       ||     1

Table legend: (Time is in decaauts)
 A = Elapsed time spent in this place.
 B = Non-inter-level travel time spent in this place.
 C = Inter-level travel time spent in this place.
 D = Time resting spent in this place.
 E = Time spent auto-exploring this place.
 F = Levels seen in this place.
 G = Mean time per level.
                   A        B        C        D        E       F      G
               +--------+--------+--------+--------+--------+-----+--------+
         Total |  18332 |  17540 |    792 |   2748 |  11528 |  18 | 1018.4 |
       Dungeon |  11453 |  10865 |    588 |    995 |   7881 |  11 | 1041.2 |
        Temple |     16 |     16 |      0 |      0 |      0 |   1 |   16.0 |
          Lair |   3268 |   3169 |     99 |    692 |   1942 |   2 | 1634.0 |
  Orcish Mines |   3337 |   3235 |    102 |   1050 |   1629 |   2 | 1668.5 |
   Elven Halls |    255 |    255 |      0 |      9 |     75 |   2 |  127.5 |
               +--------+--------+--------+--------+--------+-----+--------+

Top non-repeatable levels by time:
  Lair:2: 1953 daAuts
   Orc:2: 1899 daAuts
    D:10: 1891 daAuts
   Orc:1: 1438 daAuts
  Lair:1: 1314 daAuts
    D:11: 1193 daAuts
     D:9: 1169 daAuts
     D:6: 1132 daAuts
     D:1: 1106 daAuts
     D:2: 977 daAuts
     D:7: 903 daAuts
     D:4: 818 daAuts
     D:5: 802 daAuts
     D:3: 738 daAuts
     D:8: 719 daAuts
